 Dungeon Crawl Stone Soup version 0.27-a0-1084-g78b3836a5f (webtiles) character file.

Game seed: 15564987538235173082

285 tsouns the Skirmisher (level 6, 0/48 HPs)
             Began as a Demonspawn Brigand on Apr 26, 2021.
             Was a Follower of Wu Jian.
             Slain by senseless's ghost (10 damage)
             ... on level 3 of the Dungeon.
             The game lasted 00:05:28 (2883 turns).

tsouns the Skirmisher (Demonspawn Brigand)          Turns: 2883, Time: 00:05:28

Health: 0/48       AC:  4    Str: 11    XL:     6   Next: 7%
Magic:  6/6        EV: 11    Int: 14    God:    Wu Jian [*.....]
Gold:   117        SH:  0    Dex: 15    Spells: 5/5 levels left

rFire    . . .     SeeInvis .   h - +0 battleaxe
rCold    . . .     Faith    .   (shield currently unavailable)
rNeg     . . .     Spirit   .   d - +2 robe {Will+}
rPois    .         Reflect  .   (no helmet)
rElec    .         Harm     .   n - scarf {+Inv}
rCorr    .         Rampage  .   (no gloves)
Will     +....                  (no boots)
Stlth    ++........             (no amulet)
HPRegen  0.16/turn              (no ring)
MPRegen  0.10/turn              (no ring)

@: no status effects
A: powered by pain 2
a: Renounce Religion, Evoke Invisibility


You were on level 3 of the Dungeon.
You worshipped Wu Jian.
Wu Jian was aware of your devotion.
You visited 1 branch of the dungeon, and saw 3 of its levels.

You collected 117 gold pieces.

Inventory:

Hand Weapons
 a - a +2 dagger
 h - a +0 battleaxe (weapon)
Missiles
 e - 7 poisoned darts (quivered)
 g - 2 curare-tipped darts
Armour
 b - a +0 robe
 c - a +0 cloak
 d - a +2 robe of willpower (worn)
 n - a scarf of invisibility (worn)
Jewellery
 j - a ring of wizardry
Scrolls
 f - a scroll of fear {unknown}
 i - 2 scrolls of identify {unknown}
 l - a scroll of immolation {unknown}
 o - a scroll of teleportation {unknown}
 p - a scroll of enchant armour {unknown}
 q - a scroll of noise {unknown}


   Skills:
 + Level 4.0 Fighting
 - Level 2.2 Short Blades
 * Level 3.9 Axes
 - Level 1.7 Throwing
 - Level 0.8 Dodging
 - Level 3.6 Stealth
 + Level 0.6 Evocations


You had 5 spell levels left.
You didn't know any spells.
Your spell library contained the following spells:

 Spells                   Type           Power      Damage    Failure   Level
 Animate Skeleton         Necr           0%         N/A       28%         1
 Apportation              Tloc           0%         N/A       28%         1
 Corona                   Hex            0%         N/A       28%         1
 Summon Small Mammal      Summ           0%         N/A       28%         1


Dungeon Overview and Level Annotations

Branches:
Dungeon (3/15)

Altars:
Qazlal
Wu Jian

Shops:
D:2 =

Annotations:
D:3 senseless's ghost, amateur MiFi


Innate Abilities, Weirdness & Mutations

You sometimes gain power by taking damage.


Message History

The adder poisons you!
You hit the adder.
The adder is lightly wounded.
You feel sick. The adder barely misses you.
The adder bites you but does no damage.
You barely miss the adder.
The adder is lightly wounded.
You feel sick. The adder barely misses you. The adder closely misses you.
You hit the adder.
The adder is moderately wounded.
You feel sick. The adder bites you.
You are more poisoned.
The adder poisons you! The adder barely misses you.
You slash the adder!
You kill the adder!
The Council accepts your kill.
You feel sick.
Senseless's ghost takes a fighting stance.
Senseless's ghost hits you.
You slash senseless's ghost!
Senseless's ghost is lightly damaged.
You feel sick. Senseless's ghost hits you.
You are too injured to fight recklessly!
You are too injured to fight recklessly!
You are too injured to fight recklessly!
You are too injured to fight recklessly!
You hit senseless's ghost.
Senseless's ghost is moderately damaged.
You feel sick.
You are no longer poisoned.
Senseless's ghost barely misses you. x2
You hit senseless's ghost.
Senseless's ghost is moderately damaged.
Senseless's ghost closely misses you.
You hit senseless's ghost but do no damage.
Senseless's ghost is moderately damaged.
Senseless's ghost hits you!
* * * LOW HITPOINT WARNING * * *
Senseless's ghost hits you!
You die...

#.....
#.....
#.[...
####.....
####
#........
#..##
#.#######
#.########.#
#.W≈≈≈≈$≈#.#
#@########.#
#..........#
############


You could see senseless's ghost.

Vanquished Creatures
  Sigmund (D:2)
  A howler monkey (D:3)
  3 adders
  A gnoll (D:1)
  A worm (D:2)
  A dart slug (D:2)
  4 ball pythons
  5 endoplasms
  4 hobgoblins
  2 jackals (D:2)
  2 kobolds (D:1)
  A quokka (D:3)
  8 bats
  2 frilled lizards (D:1)
  5 goblins
  6 rats
47 creatures vanquished.

Notes
Turn   | Place    | Note
-------+----------+-------------------------------------------
     0 | D:1      | tsouns the Demonspawn Brigand began the quest for the Orb.
     0 | D:1      | Reached XP level 1. HP: 16/16 MP: 1/1
   141 | D:1      | Gained mutation: You sometimes gain a little power by
                  | taking damage. [demonic ancestry]
   141 | D:1      | Reached XP level 2. HP: 23/23 MP: 2/2
   667 | D:1      | Reached skill level 1 in Axes
   670 | D:1      | Reached XP level 3. HP: 13/28 MP: 3/3
  1235 | D:2      | Found a faded altar of an unknown god.
  1269 | D:2      | Became a worshipper of the Wu Jian Council
  1269 | D:2      | Reached * piety under Wu Jian
  1447 | D:2      | Found Toradghen's Jewellery Emporium.
  1453 | D:2      | Noticed Sigmund
  1486 | D:2      | Killed Sigmund
  1487 | D:2      | Reached skill level 3 in Fighting
  1487 | D:2      | Reached XP level 4. HP: 37/37 MP: 4/4
  1487 | D:2      | Gained mutation: You sometimes gain power by taking damage.
                  | [demonic ancestry]
  1487 | D:2      | Reached XP level 5. HP: 42/42 MP: 5/5
  2306 | D:3      | Noticed a water elemental
  2308 | D:3      | Found a stormy altar of Qazlal.
  2310 | D:3      | Noticed an air elemental
  2310 | D:3      | Noticed a fire elemental
  2328 | D:3      | Reached skill level 4 in Fighting
  2328 | D:3      | Reached XP level 6. HP: 38/48 MP: 6/6
  2764 | D:3      | Found a runed translucent door.
  2768 | D:3      | Noticed senseless's ghost (amateur MiFi)
  2883 | D:3      | Slain by senseless's ghost

Illustrated notes

Levels and vault maps discovered:
D:1:      dpeg_arrival_connections, layout_loops_corners
D:2:      layout_basic, serial_shops, shop,
          hellmonk_ecumenical_altar_pennies_from_heaven, uniq_sigmund
D:3:      layout_rooms, nicolae_qazlal_style_of_elements, ebering_ghost_sewer_d

Skill      XL: |  1  2  3  4  5 |
---------------+----------------+-----
Short Blades   | 2 |  2.2
Axes           | 1 3 |  3.9
Fighting       | 3 4 |  4.0
Throwing       | |  1.7
Dodging        | |  0.8
Stealth        | |  3.6
Evocations     | |  0.6

Action                   |  1- 3 |  4- 6 || total
-------------------------+-------+-------++-------
Melee: Dagger            |    17 |       ||    17
       Battleaxe         |    50 |    62 ||   112
Throw: Dart              |    10 |       ||    10
Invok: Lunge             |     1 |     3 ||     4
  Use: Potion            |     1 |     2 ||     3
 Stab: Sleeping          |     7 |     4 ||    11
       Distracted        |       |     1 ||     1
Armor: Robe              |    27 |    21 ||    48
Dodge: Dodged            |    43 |    35 ||    78

Table legend: (Time is in decaauts)
 A = Elapsed time spent in this place.
 B = Non-inter-level travel time spent in this place.
 C = Inter-level travel time spent in this place.
 D = Time resting spent in this place.
 E = Time spent auto-exploring this place.
 F = Levels seen in this place.
 G = Mean time per level.
                   A        B        C        D        E       F      G
               +--------+--------+--------+--------+--------+-----+--------+
         Total |   2945 |   2925 |     20 |      0 |   2438 |   3 |  981.7 |
       Dungeon |   2945 |   2925 |     20 |      0 |   2438 |   3 |  981.7 |
               +--------+--------+--------+--------+--------+-----+--------+

Top non-repeatable levels by time:
     D:1: 1177 daAuts
     D:2: 1125 daAuts
     D:3: 641 daAuts
